 Dungeon Crawl Stone Soup version 0.21-a0-450-gd87a9b2 (webtiles) character file.

140 slep the Slasher (level 5, -1/41 HPs)
             Began as a Demonspawn Monk on Nov 18, 2017.
             Slain by an orc (2 damage)
             ... on level 3 of the Dungeon.
             The game lasted 00:05:28 (1532 turns).

slep the Slasher (Demonspawn Monk)                  Turns: 1532, Time: 00:05:28

Health: -1/41      AC:  8    Str: 12    XL:     5   Next: 2%
Magic:  5/5        EV:  6    Int: 11    God:
Gold:   54         SH:  0    Dex: 18    Spells: 4/4 levels left

rFire    + . .     SeeInvis .   a - +0 falchion
rCold    + . .     Gourm    .   (no shield)
rNeg     . . .     Faith    .   h - +0 chain mail
rPois    .         Spirit   .   (no helmet)
rElec    .         Reflect  .   k - scarf {rC+ rF+}
rCorr    .         Harm     .   (no gloves)
MR       .....                  (no boots)
Stlth    ..........             (no amulet)
HPRegen  0.13/turn              (no ring)
MPRegen  0.09/turn              (no ring)

@: lethally poisoned (-1 -> -3)
A: thin skeletal structure 1, demonic guardian 1
a: no special abilities


You were on level 3 of the Dungeon.
You were not hungry.

You visited 1 branch of the dungeon, and saw 3 of its levels.

You collected 54 gold pieces.

Inventory:

Hand Weapons
 a - a +0 falchion (weapon)
Armour
 b - a +0 robe
 h - a +0 chain mail (worn)
 k - a scarf of resistance (worn)
Scrolls
 g - a scroll of immolation {unknown}
 i - 5 scrolls of remove curse {unknown}
 j - a scroll of amnesia {unknown}
 l - 3 scrolls of identify {unknown}
 n - a scroll of fog {unknown}
Potions
 d - a potion of flight {unknown}
 e - a potion of magic
 f - a potion of curing {unknown}
 m - a potion of might {unknown}
 r - a potion of haste {unknown}
Comestibles
 c - 4 bread rations
 p - a royal jelly
 q - 2 fruits


   Skills:
 + Level 3.5 Fighting
 + Level 3.9 Long Blades
 + Level 1.3 Armour
 + Level 3.3 Dodging
 + Level 2.3 Stealth


You had 4 spell levels left.
You didn't know any spells.

Dungeon Overview and Level Annotations

Branches:
Dungeon (3/15)

Altars:
Cheibriados
Ru


Innate Abilities, Weirdness & Mutations

You have a somewhat thin skeletal structure. (Dex +2, Stealth)
A weak demonic guardian rushes to your aid.


Message History

The orc hits you but does no damage.
All of the chunks of flesh in your inventory have rotted away.
You miss the adder.
The adder is severely wounded.
The adder barely misses you. The kobold hits you with a whip.
* * * LOW HITPOINT WARNING * * *
The orc completely misses you. The adder bites you but does no damage.
You closely miss the adder.
The adder is severely wounded.
The kobold barely misses you. The orc barely misses you.
The adder bites you but does no damage.
You hit the adder.
You kill the adder!
You have reached level 5!
* * * LOW HITPOINT WARNING * * *
You feel sick. The kobold hits you but does no damage.
The orc barely misses you.
It was a potion of magic.
Magic courses through your body. The kobold hits you but does no damage.
The orc hits you.
You die...

#########
#...)@..#
#...)oK.#
#.......#
#.......#
#.......#
#.......#
...####..
#.#. ...


You could see an orc and a kobold.

Vanquished Creatures
  2 orc wizards (D:2)
  2 adders
  2 oozes
  5 dart slugs
  A leopard gecko (D:2)
  2 orcs (D:3)
  3 giant cockroaches
  4 goblins
  4 hobgoblins
  7 jackals
  3 bats (D:2)
  5 frilled lizards (D:1)
  4 kobolds
  8 rats
52 creatures vanquished.

Vanquished Creatures (collateral kills)
  An orc (D:2)
1 creature vanquished.

Vanquished Creatures (others)
  4 toadstools (D:1)
4 creatures vanquished.

Grand Total: 57 creatures vanquished

Notes
Turn   | Place    | Note
-------+----------+-------------------------------------------
     0 | D:1      | slep the Demonspawn Monk began the quest for the Orb.
     0 | D:1      | Reached XP level 1. HP: 18/18 MP: 1/1
    45 | D:1      | Gained mutation: A weak demonic guardian rushes to your aid. [demonic ancestry]
    45 | D:1      | Reached XP level 2. HP: 24/24 MP: 2/2
   257 | D:1      | Reached XP level 3. HP: 24/29 MP: 3/3
   799 | D:2      | Found a sacrificial altar of Ru.
   809 | D:2      | Gained mutation: You have a somewhat thin skeletal structure. (Dex +2, Stealth) [demonic ancestry]
   809 | D:2      | Reached XP level 4. HP: 33/35 MP: 4/4
  1097 | D:2      | Found a snail-covered altar of Cheibriados.
  1347 | D:2      | Found a faded altar of an unknown god.
  1498 | D:2      | Reached skill level 1 in Armour
  1529 | D:3      | HP: 1/35 [kobold/whip (2)]
  1531 | D:3      | Reached XP level 5. HP: 2/41 MP: 5/5
  1532 | D:3      | Slain by an orc

Vault maps used:
D:1:      ldierk_walled_garden_2
D:2:      kennysheep_slug_shrine, nicolae_ru_great_annihilating_truth,
          chequers_ecumenical_altar_lobes
D:3:      bloody_trog, zin_scriptorium, ashenzari_altar_1

Skill      XL: |  1  2  3  4 |
---------------+-------------+-----
Long Blades    | 3 |  3.9
Dodging        | 3 |  3.3
Stealth        | 2 |  2.3
Armour         | 1 |  1.3
Fighting       | |  3.5

Action                   |  1- 3 |  4- 6 || total
-------------------------+-------+-------++-------
Melee: Falchion          |    92 |   100 ||   192
  Use: Potion            |       |     1 ||     1
 Stab: Sleeping          |     4 |       ||     4
       Paralysed         |       |     3 ||     3
  Eat: Chunk             |       |     2 ||     2
Armor: Robe              |     8 |       ||     8
       Chain mail        |    23 |    93 ||   116
Dodge: Dodged            |    47 |    62 ||   109
       Rpst.: Falchion   |    22 |    12 ||    34

Table legend:
 A = Spawn XP
 B = Non-spawn XP
 C = Spawn XP percentage of total XP
 D = Spawn monster count
 E = Non-spawn monster count
 F = Spawn count percentage of total count
 G = Total turns spent on level
                    A         B        C        D         E        F      G
               +---------+---------+-------+---------+---------+-------+---------
         Total |       0 |     201 |   0.0 |       0 |      53 |   0.0 |  1532
               +---------+---------+-------+---------+---------+-------+---------
           D:1 |       0 |      46 |   0.0 |       0 |      24 |   0.0 |   688
           D:2 |       0 |     136 |   0.0 |       0 |      26 |   0.0 |   813
           D:3 |       0 |      19 |   0.0 |       0 |       3 |   0.0 |    31
               +---------+---------+-------+---------+---------+-------+---------
